 Dungeon Crawl Stone Soup version 0.28-a0-2-g643f2454ad (webtiles) character file.

Game seed: 18154059919824932601

56 robertstho the Ruffian (level 3, -6/30 HPs)
             Began as a Vine Stalker Berserker on July 22, 2021.
             Was a Believer of Trog.
             Killed by divine providence
             ... invoked by an orc priest
              (13 damage)
             ... on level 3 of the Dungeon.
             The game lasted 00:02:00 (2005 turns).

robertstho the Ruffian (Vine Stalker Berserker)     Turns: 2005, Time: 00:02:02

Health: -6/30      AC:  2    Str: 20    XL:     3   Next: 97%
Magic:  0/4        EV: 12    Int:  7    God:    Trog [**....]
Gold:   117        SH:  0    Dex: 13    Spells: 2/2 levels left

rFire   . . .      SeeInvis .   l - +2 short sword (venom)
rCold   . . .      Faith    .   (no shield)
rNeg    . . .      Spirit   +   a - +0 animal skin
rPois   .          Reflect  .   (no helmet)
rElec   .          Harm     .   (no cloak)
rCorr   .          Rampage  .   (no gloves)
Will    .....                   (no boots)
Stlth   ..........              (no amulet)
HPRegen 0.10/turn               (no ring)
MPRegen 0.09/turn               (no ring)

@: berserking, very quick
A: fangs 2, magic shield, antimagic bite, no potion heal 2
a: Renounce Religion, Berserk, Trog's Hand


You were on level 3 of the Dungeon.
You worshipped Trog.
Trog was pleased with you.
You visited 1 branch of the dungeon, and saw 3 of its levels.

You collected 117 gold pieces.

Inventory:

Hand Weapons
 l - a +2 short sword of venom (weapon)
Armour
 a - a +0 animal skin (worn)
Jewellery
 f - a ring of ice
Scrolls
 b - a scroll of fog {unknown}
 c - 2 scrolls of identify {unknown}
 d - a scroll of fear {unknown}
 e - a scroll of immolation {unknown}
 i - a scroll of enchant weapon {unknown}
 j - a scroll of teleportation {unknown}
 k - a scroll of summoning {unknown}
Potions
 g - a potion of resistance {unknown}
 h - a potion of invisibility {unknown}
 m - a potion of flight {unknown}
 n - a potion of haste {unknown}


   Skills:
 + Level 3.3 Fighting
 + Level 0.4 Short Blades
 + Level 1.8 Armour
 + Level 1.9 Dodging
 + Level 0.1 Stealth
 + Level 3.7 Unarmed Combat


You had 2 spell levels left.
You didn't know any spells.
Your spell library was empty.

Dungeon Overview and Level Annotations

Branches:
Dungeon (3/15)

Altars:
Ashenzari
Dithmenos


Innate Abilities, Weirdness & Mutations

You have extremely sharp teeth.
When hurt, damage is shared between your health and your magic reserves.
Your bite disrupts and absorbs the magic of your enemies.
Potions cannot restore your health.


Message History

HP restored.
You now have 97 gold pieces (gained 9).
Found a quarterstaff.
f - a ring of ice
Found a thick glowing staff.
m - a ruby potion As you open the door, it creaks loudly!
Found a stone staircase leading down.
You now have 111 gold pieces (gained 14).
Found a stone staircase leading up.
There is an open door here.
There is a stone staircase leading down here.
You now have 117 gold pieces (gained 6).
n - a puce potion A frilled lizard and an orc come into view.
The orc shouts!
You hear a shout!
An orc comes into view. It is wielding a +0 club.
There are monsters nearby!
There are monsters nearby!
There are monsters nearby!
There are monsters nearby!
An orc comes into view. It is wielding a +0 trident.
The orc shouts! x2
An orc and an orc priest come into view.
The frilled lizard hisses angrily.
The orc priest shouts!
A frilled lizard comes into view.
The orc priest invokes the aid of Beogh against you.
Beogh smites you!
Ouch! That really hurt!
The frilled lizard hisses angrily.
You are too injured to fight recklessly!
You are too injured to fight recklessly!
Unknown command.
A red film seems to cover your vision as you go berserk!
You feel yourself moving faster!
You feel mighty! The orc barely misses you.
The orc hits you from afar with a +0 trident!
* * * LOW HITPOINT WARNING * * *
The orc priest invokes the aid of Beogh against you.
Beogh smites you!
You die...

#....##..................
#....##..................
#.............#########..
#.............# #..
#.............## #..
#............... ....
#............... ....
#............... ....
###.....@l...... ##
#......oo.....
#......o......
#........o..#.
#...........#
#.........lo#
#...........#
.............


You could see an orc priest, 4 orcs and 2 frilled lizards.

Vanquished Creatures
  An adder (D:2)
  3 dart slugs (D:1)
  An orc (D:2)
  5 endoplasms
  2 giant cockroaches (D:1)
  6 goblins
  5 hobgoblins
  3 bats (D:1)
  2 frilled lizards (D:1)
  5 kobolds (D:1)
  4 rats (D:1)
37 creatures vanquished.

Notes
Turn   | Place    | Note
-------+----------+-------------------------------------------
     0 | D:1      | robertstho the Vine Stalker Berserker began the quest for
                  | the Orb.
     0 | D:1      | Reached XP level 1. HP: 11/11 MP: 2/2
   179 | D:1      | Reached XP level 2. HP: 16/16 MP: 3/3
   580 | D:1      | Found a faded altar of an unknown god.
   596 | D:1      | Reached XP level 3. HP: 18/20 MP: 4/4
   689 | D:1      | Reached ** piety under Trog
  1096 | D:2      | Found a shadowy altar of Dithmenos.
  1661 | D:3      | Found a broken altar of Ashenzari.
  2005 | D:3      | Killed from afar by an orc priest

Illustrated notes

Levels and vault maps discovered:
D:1:      lemuel_arrival_hallway, layout_rooms,
          shapermc_ecumenical_altar_notcrosses
D:2:      layout_rooms, basic_altar
D:3:      layout_basic, mainiacjoe_overflow_alcove_2, nicolae_ashenzari_skybound

Skill      XL: |  1  2 |
---------------+-------+-----
Fighting       | 3 |  3.3
Short Blades   | |  0.4
Armour         | |  1.8
Dodging        | |  1.9
Stealth        | |  0.1
Unarmed Combat | |  3.7

Action                   || total
-------------------------++-------
Melee: Unarmed           ||    32
       Bite              ||    19
       Dagger            ||    22
       Short sword       ||    24
Invok: Berserk           ||     2
Armor: Animal skin       ||    10
Dodge: Dodged            ||    65

Table legend: (Time is in decaauts)
 A = Elapsed time spent in this place.
 B = Non-inter-level travel time spent in this place.
 C = Inter-level travel time spent in this place.
 D = Time resting spent in this place.
 E = Time spent auto-exploring this place.
 F = Levels seen in this place.
 G = Mean time per level.
                   A        B        C        D        E       F      G
               +--------+--------+--------+--------+--------+-----+--------+
         Total |   2012 |   1941 |     71 |     46 |   1691 |   3 |  670.7 |
       Dungeon |   2012 |   1941 |     71 |     46 |   1691 |   3 |  670.7 |
               +--------+--------+--------+--------+--------+-----+--------+

Top non-repeatable levels by time:
     D:1: 944 daAuts
     D:2: 701 daAuts
     D:3: 366 daAuts
